BSA
KALAMAZOO ROYALE WITH CHEESE @ VISTA PANTHERS
07/08/2026
 
TOP OF THE 1ST
Kalamazoo Royale with Cheese batting - Pitching for Vista Panthers : RHP Dave Jackson
Pitching: RHP Dave Jackson
Batting: RHB Fernando Martínez 0-0: SINGLE (Groundball, 6MS)
Batting: LHB Robinson Fernández 0-0: Ball
1-0: Ball
2-0: Foul Ball, location: 2F
2-1: 2-RUN HOME RUN (Flyball, 7D), Distance : 437 ft
Batting: LHB William Ruffo 0-0: Called Strike
0-1: Ground out 6-3 (Groundball, 6M)
Batting: LHB Seung-woo Yi 0-0: Called Strike
0-1: Swinging Strike
0-2: Strikes out swinging
Batting: RHB Run-ming Zhu 0-0: Ball
1-0: Fly out, F9 (Line Drive, 89M)
Top of the 1st over - 2 run(s), 2 hit(s), 0 error(s), 0 left on base; Kalamazoo 2 - Vista 0
BOTTOM OF THE 1ST
Vista Panthers batting - Pitching for Kalamazoo Royale with Cheese : LHP Lorenzo Sánchez
Pitching: LHP Lorenzo Sánchez
Batting: RHB Eugenio Lucero 0-0: Ball
1-0: Foul Ball, location: 2F
1-1: Fly out, F8 (Flyball, 8RXD)
Batting: RHB Roberto Cruz 0-0: Ground out 5-3 (Groundball, 56)
Batting: RHB Salvador Salas 0-0: Ground out 6-3 (Groundball, 6M)
Bottom of the 1st over - 0 run(s), 0 hit(s), 0 error(s), 0 left on base; Kalamazoo 2 - Vista 0
TOP OF THE 2ND
Kalamazoo Royale with Cheese batting - Pitching for Vista Panthers : RHP Dave Jackson
Batting: RHB Miguel Encarnación 0-0: Foul Ball, location: 2F
0-1: Swinging Strike
0-2: Ball
1-2: Ball
2-2: Ball
3-2: Base on Balls
Batting: RHB Jorge Márquez 0-0: Called Strike
0-1: Hit by Pitch
Miguel Encarnación to second
Batting: LHB Bill McJannett 0-0: Foul Ball, location: 2F
0-1: Ball
1-1: Ball
2-1: Called Strike
2-2: Foul Ball, location: 2F
2-2: DOUBLE (Line Drive, 9LM)
Miguel Encarnación scores
Jorge Márquez to third
Batting: RHB Andy Aiton 0-0: Ball
1-0: Fly out, F8 (Flyball, 8LM)
Batting: RHB Fernando Martínez 0-0: Ball
1-0: Fly out, F7 (Flyball, 7M)
Runner from 3rd tags up, SCORES, throw made
Batting: LHB Robinson Fernández 0-0: SINGLE (Groundball, 34)
Bill McJannett to third
Runner from 3rd tries for Home, SAFE, no throw or cutoff
Batting: LHB William Ruffo 0-0: Ball
1-0: Foul Ball, location: 2F
1-1: Ball
2-1: Fielders Choice at 2nd, U6 (Groundball, 6M)
Top of the 2nd over - 3 run(s), 2 hit(s), 0 error(s), 1 left on base; Kalamazoo 5 - Vista 0
BOTTOM OF THE 2ND
Vista Panthers batting - Pitching for Kalamazoo Royale with Cheese : LHP Lorenzo Sánchez
Batting: RHB John Mendelson 0-0: Ball
1-0: Ball
2-0: Ball
3-0: Called Strike
3-1: Base on Balls
Batting: RHB Javier Deleón 0-0: Foul Ball, location: 2F
0-1: Foul Ball, location: 2F
0-2: Ball
1-2: Foul Ball, location: 2F
1-2: SINGLE (Groundball, 6MD)
John Mendelson to second
Runner from 2nd tries for 3rd, SAFE, throw made to third
Javier Deleón to second
Batting: SHB Mark Wells 0-0: SINGLE (Line Drive, 78M)
John Mendelson scores
Javier Deleón to third
Batting: RHB Phil Matthews 0-0: Called Strike
0-1: Ground out 4-3 (Groundball, 4M)
Javier Deleón scores
Mark Wells to second
Batting: LHB Bob Cunningham 0-0: Foul Ball, location: 2F
0-1: Ball
1-1: Ball
2-1: Swinging Strike
2-2: Foul Ball, location: 2F
2-2: Strikes out swinging
Batting: RHB Cisco Gatán 0-0: Ball
1-0: Ball
2-0: Foul Ball, location: 2F
2-1: Foul Ball, location: 2F
2-2: Foul Ball, location: 2F
2-2: Ball
3-2: Foul Ball, location: 2F
3-2: DOUBLE (Groundball, 5L)
Mark Wells scores
Batting: RHB Eugenio Lucero 0-0: Ball
1-0: Foul Ball, location: 2F
1-1: Called Strike
1-2: Strikes out swinging
Bottom of the 2nd over - 3 run(s), 3 hit(s), 0 error(s), 1 left on base; Kalamazoo 5 - Vista 3
TOP OF THE 3RD
Kalamazoo Royale with Cheese batting - Pitching for Vista Panthers : RHP Dave Jackson
Batting: LHB Seung-woo Yi 0-0: Ball
1-0: Swinging Strike
1-1: Foul Ball, location: 2F
1-2: SINGLE (Groundball, 6MD) (infield hit)
Batting: RHB Run-ming Zhu 0-0: Ball
Wild Pitch!
Seung-woo Yi to second
1-0: Foul Ball, location: 2F
1-1: Foul Ball, location: 2F
1-2: Ball
2-2: SINGLE (Groundball, 56D)
Seung-woo Yi to third
Batting: RHB Miguel Encarnación 0-0: Ball
1-0: Ball
2-0: Ball
3-0: Called Strike
3-1: Swinging Strike
3-2: Foul Ball, location: 2F
3-2: Base on Balls
Run-ming Zhu to second
Batting: RHB Jorge Márquez 0-0: Called Strike
0-1: DOUBLE (Flyball, 8LXD)
Seung-woo Yi scores
Run-ming Zhu scores
Miguel Encarnación to third
Pitching: RHP Javier García
Batting: LHB Bill McJannett 0-0: Ball
1-0: Ball
2-0: Fly out, F8 (Flyball, 8LD)
Runner from 3rd tags up, SCORES, no throw
Jorge Márquez to third
Batting: RHB Andy Aiton 0-0: Fly out, F4 (Popup, 34)
Batting: RHB Fernando Martínez 0-0: Ground out 6-3 (Groundball, 6)
Top of the 3rd over - 3 run(s), 3 hit(s), 0 error(s), 1 left on base; Kalamazoo 8 - Vista 3
BOTTOM OF THE 3RD
Vista Panthers batting - Pitching for Kalamazoo Royale with Cheese : LHP Lorenzo Sánchez
Batting: RHB Roberto Cruz 0-0: Ball
1-0: Foul Ball, location: 2F
1-1: Foul Ball, location: 2F
1-2: Ground out 5-3 (Groundball, 5)
Batting: RHB Salvador Salas 0-0: Called Strike
0-1: DOUBLE (Flyball, 89D)
Batting: RHB John Mendelson 0-0: Ball
1-0: Called Strike
1-1: Ground out 5-3 (Groundball, 5)
Batting: RHB Javier Deleón 0-0: Called Strike
0-1: Swinging Strike
0-2: Ball
1-2: Strikes out swinging
Bottom of the 3rd over - 0 run(s), 1 hit(s), 0 error(s), 1 left on base; Kalamazoo 8 - Vista 3
TOP OF THE 4TH
Kalamazoo Royale with Cheese batting - Pitching for Vista Panthers : RHP Javier García
Batting: LHB Robinson Fernández 0-0: SINGLE (Groundball, 34S)
Batting: LHB William Ruffo 0-0: Ball
1-0: Fly out, F6 (Popup, 56)
Batting: LHB Seung-woo Yi 0-0: Ball
1-0: Foul Ball, location: 2F
1-1: Foul Ball, location: 2F
1-2: Ball
2-2: Fly out, F4 (Popup, 4D)
Batting: RHB Run-ming Zhu 0-0: Ball
1-0: Ball
2-0: Ball
3-0: Base on Balls
Robinson Fernández to second
Batting: RHB Miguel Encarnación 0-0: Foul Ball, location: 2F
0-1: Called Strike
0-2: Ball
1-2: Strikes out swinging
Top of the 4th over - 0 run(s), 1 hit(s), 0 error(s), 2 left on base; Kalamazoo 8 - Vista 3
BOTTOM OF THE 4TH
Vista Panthers batting - Pitching for Kalamazoo Royale with Cheese : LHP Lorenzo Sánchez
Batting: SHB Mark Wells 0-0: Ground out 4-3 (Groundball, 4)
Batting: RHB Phil Matthews 0-0: Ground out 1-3 (Groundball, 15)
Batting: LHB Bob Cunningham 0-0: Called Strike
0-1: Ball
1-1: Foul Ball, location: 2F
1-2: Strikes out swinging
Bottom of the 4th over - 0 run(s), 0 hit(s), 0 error(s), 0 left on base; Kalamazoo 8 - Vista 3
TOP OF THE 5TH
Kalamazoo Royale with Cheese batting - Pitching for Vista Panthers : RHP Javier García
Batting: RHB Jorge Márquez 0-0: Called Strike
0-1: Fly out, F9 (Flyball, 9LMF)
Batting: LHB Bill McJannett 0-0: Ground out 4-3 (Groundball, 4S)
Batting: RHB Andy Aiton 0-0: Ball
1-0: Fly out, F8 (Flyball, 8RS)
Top of the 5th over - 0 run(s), 0 hit(s), 0 error(s), 0 left on base; Kalamazoo 8 - Vista 3
BOTTOM OF THE 5TH
Vista Panthers batting - Pitching for Kalamazoo Royale with Cheese : LHP Lorenzo Sánchez
Batting: RHB Cisco Gatán 0-0: Called Strike
0-1: Foul Ball, location: 2F
0-2: Fly out, F9 (Flyball, 9M)
Batting: RHB Eugenio Lucero 0-0: Ball
1-0: Ball
2-0: Ground out 6-3 (Groundball, 6)
Batting: RHB Roberto Cruz 0-0: Ball
1-0: Ball
2-0: Called Strike
2-1: Foul Ball, location: 2F
2-2: Ball
3-2: Fly out, F9 (Line Drive, 9LM)
Bottom of the 5th over - 0 run(s), 0 hit(s), 0 error(s), 0 left on base; Kalamazoo 8 - Vista 3
TOP OF THE 6TH
Kalamazoo Royale with Cheese batting - Pitching for Vista Panthers : RHP Javier García
Batting: RHB Fernando Martínez 0-0: Called Strike
0-1: Ball
1-1: Ball
2-1: Ball
3-1: Base on Balls
Batting: LHB Robinson Fernández 0-0: Called Strike
0-1: Swinging Strike
0-2: Foul Ball, location: 2F
0-2: Grounds into double play, 6-4-3 (Groundball, 6)
Batting: LHB William Ruffo 0-0: Fly out, F5 (Popup, 5F)
Top of the 6th over - 0 run(s), 0 hit(s), 0 error(s), 0 left on base; Kalamazoo 8 - Vista 3
BOTTOM OF THE 6TH
Vista Panthers batting - Pitching for Kalamazoo Royale with Cheese : LHP Lorenzo Sánchez
Batting: RHB Salvador Salas 0-0: Swinging Strike
0-1: Ball
1-1: Ball
2-1: Ground out 6-3 (Groundball, 6)
Batting: RHB John Mendelson 0-0: Called Strike
0-1: Called Strike
0-2: Ball
1-2: Foul Ball, location: 2F
1-2: Ball
2-2: Fly out, F5 (Popup, 56)
Batting: RHB Javier Deleón 0-0: SINGLE (Flyball, 7LS)
Batting: SHB Mark Wells 0-0: Ball
1-0: Called Strike
1-1: Ball
2-1: Called Strike
2-2: Ball
3-2: Ground out 6-3 (Groundball, 6)
Bottom of the 6th over - 0 run(s), 1 hit(s), 0 error(s), 1 left on base; Kalamazoo 8 - Vista 3
TOP OF THE 7TH
Kalamazoo Royale with Cheese batting - Pitching for Vista Panthers : RHP Javier García
Pitching: LHP Mario Tobías
Batting: LHB Seung-woo Yi 0-0: Ball
1-0: Foul Ball, location: 2F
1-1: Called Strike
1-2: Foul Ball, location: 2F
1-2: Strikes out looking
Batting: RHB Run-ming Zhu 0-0: Ball
1-0: Ball
2-0: Called Strike
2-1: Foul Ball, location: 2F
2-2: Ball
3-2: Base on Balls
Batting: RHB Miguel Encarnación 0-0: Ground out 4-3 (Groundball, 13)
Run-ming Zhu to second
Batting: RHB Jorge Márquez 0-0: Ball
Wild Pitch!
Run-ming Zhu to third
1-0: Ball
2-0: SINGLE (Flyball, 9S)
Run-ming Zhu scores
Batting: LHB Bill McJannett 0-0: Called Strike
0-1: Ball
1-1: Called Strike
1-2: Foul Ball, location: 2F
1-2: Fielders Choice at 2nd, U6 (Groundball, 6M)
Top of the 7th over - 1 run(s), 1 hit(s), 0 error(s), 1 left on base; Kalamazoo 9 - Vista 3
BOTTOM OF THE 7TH
Vista Panthers batting - Pitching for Kalamazoo Royale with Cheese : LHP Lorenzo Sánchez
Batting: RHB Phil Matthews 0-0: Ball
1-0: Ground out 1-3 (Groundball, 13S)
Pitching: RHP António Ojeda
Batting: LHB Bob Cunningham 0-0: Foul Ball, location: 2F
0-1: Ball
1-1: SINGLE (Groundball, 4MD) (infield hit)
Batting: RHB Cisco Gatán 0-0: Called Strike
0-1: Fly out, F3 (Popup, 3SF)
Batting: RHB Eugenio Lucero 0-0: Foul Ball, location: 2F
0-1: Foul Ball, location: 2F
0-2: DOUBLE (Flyball, 7M)
Bob Cunningham to third
Batting: RHB Roberto Cruz 0-0: Ball
1-0: Ball
2-0: Ball
3-0: Called Strike
3-1: Swinging Strike
3-2: Strikes out swinging
Bottom of the 7th over - 0 run(s), 2 hit(s), 0 error(s), 2 left on base; Kalamazoo 9 - Vista 3
TOP OF THE 8TH
Kalamazoo Royale with Cheese batting - Pitching for Vista Panthers : LHP Mario Tobías
Batting: RHB Andy Aiton 0-0: Fly out, F8 (Line Drive, 8RM)
Batting: RHB Fernando Martínez 0-0: Ball
1-0: Ball
2-0: SINGLE (Line Drive, 9LS)
Batting: LHB Robinson Fernández 0-0: Ball
1-0: Called Strike
1-1: Ball
2-1: Fly out, F6 (Line Drive, 6)
Batting: LHB William Ruffo 0-0: Called Strike
0-1: Swinging Strike
0-2: Ball
1-2: Strikes out swinging
Top of the 8th over - 0 run(s), 1 hit(s), 0 error(s), 1 left on base; Kalamazoo 9 - Vista 3
BOTTOM OF THE 8TH
Vista Panthers batting - Pitching for Kalamazoo Royale with Cheese : RHP António Ojeda
Batting: RHB Salvador Salas 0-0: Called Strike
0-1: Ball
1-1: Swinging Strike
1-2: Ball
2-2: Foul Ball, location: 2F
2-2: Ball
3-2: Foul Ball, location: 2F
3-2: Strikes out looking
Batting: RHB John Mendelson 0-0: Ball
1-0: Swinging Strike
1-1: Foul Ball, location: 2F
1-2: Strikes out swinging
Batting: RHB Javier Deleón 0-0: Swinging Strike
0-1: Ground out 5-3 (Groundball, 5)
Bottom of the 8th over - 0 run(s), 0 hit(s), 0 error(s), 0 left on base; Kalamazoo 9 - Vista 3
TOP OF THE 9TH
Kalamazoo Royale with Cheese batting - Pitching for Vista Panthers : LHP Mario Tobías
Batting: LHB Seung-woo Yi 0-0: Foul Ball, location: 2F
0-1: Ball
1-1: SINGLE (Line Drive, 4D)
Batting: RHB Run-ming Zhu 0-0: Ball
1-0: Ball
2-0: Ball
3-0: Called Strike
3-1: Called Strike
3-2: Fly out, F7 (Flyball, 78M)
Batting: RHB Miguel Encarnación 0-0: Foul Ball, location: 2F
0-1: Called Strike
0-2: Fly out, F8 (Flyball, 8RM)
Batting: RHB Jorge Márquez 0-0: Ball
1-0: Called Strike
1-1: Called Strike
1-2: Foul Ball, location: 2F
1-2: Ground out 5-3 (Groundball, 56)
Top of the 9th over - 0 run(s), 1 hit(s), 0 error(s), 1 left on base; Kalamazoo 9 - Vista 3
BOTTOM OF THE 9TH
Vista Panthers batting - Pitching for Kalamazoo Royale with Cheese : RHP António Ojeda
Batting: SHB Mark Wells 0-0: Swinging Strike
0-1: Ball
1-1: Called Strike
1-2: Foul Ball, location: 2F
1-2: Fly out, F9 (Line Drive, 89D)
Batting: RHB Phil Matthews 0-0: Ball
1-0: Called Strike
1-1: Ground out 6-3 (Groundball, 56)
Batting: LHB Bob Cunningham 0-0: Swinging Strike
0-1: Called Strike
0-2: Ball
1-2: Strikes out swinging
Bottom of the 9th over - 0 run(s), 0 hit(s), 0 error(s), 0 left on base; Kalamazoo 9 - Vista 3
Monday, December 5th, 2016 - OOTP Baseball 17.12 Build 75